 Dungeon Crawl Stone Soup version 0.27-a0-604-g29a88b33a7 (webtiles) character file.

Game seed: 4197301528575416034

3275 scammafunk the Grappler (level 9, 0/82 (87) HPs)
             Began as a Troll Warper on Mar 12, 2021.
             Was a Follower of Uskayaw.
             Slain by a black bear (4 damage)
             ... on level 7 of the Dungeon.
             The game lasted 00:38:59 (6213 turns).

scammafunk the Grappler (Troll Warper)              Turns: 6213, Time: 00:39:01

HP:   0/82 (87)     AC:  4    Str: 24    XL:     9   Next: 68%
MP:   10/13         EV:  9    Int:  9    God:    Uskayaw [*.....]
Gold: 394           SH:  0    Dex:  9    Spells: 0/15 levels left

rFire    . . .     SeeInvis .     - Unarmed
rCold    . . .     Faith    .   (no shield)
rNeg     . . .     Spirit   .   a - +0 robe
rPois    .         Reflect  .   (helmet restricted)
rElec    .         Harm     .   v - scarf {+Inv}
rCorr    .         Rampage  .   (gloves unavailable)
Will     .....                  (boots unavailable)
Stlth    +.........             (no amulet)
HPRegen  1.23/turn              (no ring)
MPRegen  0.13/turn              (no ring)

@: drained
A: large, unfitting armour, claws 3, regeneration 1, shaggy fur 1, tough skin 1
a: Renounce Religion, Evoke Invisibility, Stomp


You were on level 7 of the Dungeon.
You worshipped Uskayaw.
Uskayaw was noncommittal.
You visited 1 branch of the dungeon, and saw 7 of its levels.
You also visited: Sewer.

You collected 394 gold pieces.

Inventory:

Missiles
 d - 4 boomerangs of dispersal (quivered)
 e - 238 stones
 l - 9 boomerangs
 n - 8 javelins
 q - 3 curare-tipped darts
Armour
 a - a +0 robe (worn)
 v - a scarf of invisibility (worn)
Jewellery
 y - a ring of resist corrosion
 B - a ring of protection from cold
Wands
 s - a wand of random effects (26)
 u - a wand of polymorph (8)
 w - a wand of flame (28)
 G - a wand of mindburst (18)
Scrolls
 b - a scroll of amnesia {unknown}
 c - 2 scrolls of blinking
 f - 3 scrolls of teleportation {unknown}
 i - a scroll of random uselessness {unknown}
 j - 10 scrolls of identify {unknown}
 m - 4 scrolls of magic mapping {unknown}
 A - a scroll of immolation {unknown}
 C - a scroll of enchant armour {unknown}
 F - a scroll of fog {unknown}
 H - a scroll of vulnerability {unknown}
Potions
 g - 3 potions of might {unknown}
 h - 2 potions of degeneration {unknown}
 k - 3 potions of flight {unknown}
 o - 2 potions of haste {unknown}
 p - 2 potions of mutation {unknown}
 r - 2 potions of heal wounds {unknown}
 t - a potion of berserk rage {unknown}
 x - 2 potions of curing {unknown}
 z - a potion of lignification {unknown}
 D - a potion of resistance {unknown}
Miscellaneous
 E - a condenser vane


   Skills:
 + Level 4.9 Fighting
 - Level 2.0 Throwing
 - Level 1.9 Dodging
 * Level 8.3 Unarmed Combat
 + Level 3.6 Spellcasting
 + Level 4.7 Translocations
 + Level 4.4 Invocations


You couldn't memorise any spells.
You knew the following spells:

 Your Spells              Type           Power      Damage    Failure   Level
a - Blink                 Tloc           N/A        N/A       6%          2
b - Manifold Assault      Tloc           10%        N/A       38%         4
c - Lesser Beckoning      Tloc           5%         N/A       12%         3
d - Teleport Other        Tloc           10%        N/A       12%         3
e - Gell's Gravitas       Tloc           5%         N/A       12%         3

Your spell library contained the following spells:

 Spells                   Type           Power      Damage    Failure   Level


Dungeon Overview and Level Annotations

Branches:
Dungeon (7/15)              Sewer (visited)
 Temple: D:4-7

Altars:
Cheibriados
Dithmenos
Uskayaw
The Shining One


Innate Abilities, Weirdness & Mutations

You are too large for most types of armour.
You have claws for hands.
Your natural rate of healing is unusually fast.
You are covered in fur. (AC +1)
You have tough skin. (AC +1)


Message History

You scratch the bullfrog zombie but do no damage.
Your claw misses the bullfrog zombie. The bullfrog zombie hits you.
You barely miss the bullfrog zombie. The black bear bites you.
The black bear claws you but does no damage.
The black bear completely misses you. The bullfrog zombie barely misses you.
You claw the bullfrog zombie!
The bullfrog zombie is moderately damaged.
The black bear barely misses you. The black bear claws you.
The black bear claws you but does no damage.
The bullfrog zombie hits you but does no damage.
You claw the bullfrog zombie! Your claw misses the bullfrog zombie.
The bullfrog zombie is heavily damaged.
The bullfrog zombie hits you. The black bear bites you.
The black bear claws you but does no damage.
The black bear claws you.
You scratch the bullfrog zombie.
The bullfrog zombie is heavily damaged.
The bullfrog zombie hits you but does no damage.
The black bear bites you.
The black bear claws you but does no damage.
The black bear barely misses you.
You stomp with the beat, sending a shockwave through the revellers around you!
The bullfrog zombie is almost destroyed.
The black bear is moderately wounded.
The orc warrior is moderately wounded.
You can no longer stomp with the beat.
The bullfrog zombie hits you.
* * * LOW HITPOINT WARNING * * *
The orc warrior barely misses you. The black bear bites you.
* * * LOW HITPOINT WARNING * * *
The black bear closely misses you.
The black bear claws you but does no damage.
You can now stomp with the beat.
You feel drained.
You fail to use your ability.
The bullfrog zombie hits you.
* * * LOW HITPOINT WARNING * * *
The orc warrior hits you with a +0 broad axe!
* * * LOW HITPOINT WARNING * * *
The bullfrog zombie hits you.
* * * LOW HITPOINT WARNING * * *
The black bear bites you.
You die...

#.o...#
##....#
#.....##
###....#
###o..#
#.#..##
#...##
#oh##
#.@Z#
#.........
#..###≈###
...# #.
#.### .#
.. . .#.
....


You could see an orc warrior, a black bear, an orc and a bullfrog zombie.

Vanquished Creatures
  Pikel (D:3)
  Grinder (D:3)
  Menkaure (D:5)
  Eustachio (D:5)
  Edmund (D:4)
  Duvessa (D:5)
  An eye of draining (D:4)
  3 ogres
  Purgy (D:4)
  2 centaurs
  2 lemures (D:3)
  2 phantoms
  2 kobold brigands
  2 bullfrogs (D:6)
  Dowan (D:5)
  A howler monkey (D:5)
  Crazy Yiuf (D:3)
  A bullfrog zombie (D:5)
  3 orc priests (D:5)
  2 centaur skeletons
  4 hounds
  Ijyb (D:3)
  Jessica (D:2)
  5 worker ants
  Terence (D:3)
  2 iguanas (D:6)
  4 orc wizards
  17 adders
  2 river rats (Sewer)
  2 shadow imps
  A white imp (D:5)
  An ufetubus (D:5)
  3 oozes
  6 worms
  4 dart slugs
  5 leopard geckos
  20 orcs
  11 giant cockroaches
  7 goblins
  12 hobgoblins
  19 jackals
  21 kobolds
  A quokka (D:2)
  A ball python (D:1)
  15 bats
  5 frilled lizards
  A leopard gecko zombie (D:5)
  16 rats
218 creatures vanquished.

Notes
Turn   | Place    | Note
-------+----------+-------------------------------------------
     0 | D:1      | scammafunk the Troll Warper began the quest for the Orb.
     0 | D:1      | Reached XP level 1. HP: 19/19 MP: 1/1
    69 | D:1      | Reached skill level 1 in Throwing
   112 | D:1      | Reached XP level 2. HP: 28/28 MP: 2/2
   571 | D:1      | Reached XP level 3. HP: 35/35 MP: 4/4
   961 | D:2      | Reached XP level 4. HP: 42/42 MP: 5/5
  1008 | D:2      | Reached skill level 3 in Unarmed Combat
  1032 | D:2      | Noticed Jessica
  1035 | D:2      | Killed Jessica
  1108 | D:2      | Found a hide-covered altar of Uskayaw.
  1219 | D:2      | Became a worshipper of Uskayaw the Reveller
  1519 | D:2      | Reached * piety under Uskayaw
  1526 | D:2      | Reached ** piety under Uskayaw
  1542 | D:3      | Reached XP level 5. HP: 45/49 MP: 6/6
  1547 | D:3      | Reached *** piety under Uskayaw
  1555 | D:3      | Reached **** piety under Uskayaw
  1571 | D:3      | Reached ***** piety under Uskayaw
  1693 | D:3      | Found a glowing drain.
  1697 | Sewer    | Entered a sewer
  1780 | Sewer    | Reached skill level 4 in Unarmed Combat
  1780 | Sewer    | Reached skill level 1 in Invocations
  1780 | Sewer    | Reached XP level 6. HP: 29/59 MP: 5/8
  1820 | Sewer    | Found a glowing silver altar of Zin.
  2068 | D:3      | Noticed Ijyb
  2092 | D:3      | Noticed Terence
  2112 | D:3      | Killed Ijyb
  2125 | D:3      | Killed Terence
  2582 | D:3      | Noticed Grinder
  2595 | D:3      | Killed Grinder
  2596 | D:3      | Reached XP level 7. HP: 41/66 MP: 9/9
  2622 | D:3      | Reached skill level 5 in Unarmed Combat
  2712 | D:3      | Found a runed translucent door.
  2713 | D:3      | Noticed Crazy Yiuf
  2722 | D:3      | Killed Crazy Yiuf
  2766 | D:4      | Noticed Pikel
  2969 | D:3      | Killed Pikel
  2970 | D:3      | Reached skill level 6 in Unarmed Combat
  2970 | D:3      | Reached XP level 8. HP: 69/75 MP: 9/11
  2981 | D:3      | Learned a level 2 spell: Blink
  3005 | D:4      | Noticed Purgy
  3018 | D:4      | Killed Purgy
  3261 | D:4      | Noticed Edmund
  3274 | D:4      | Killed Edmund
  3502 | D:4      | Found a shadowy altar of Dithmenos.
  3550 | D:4      | Reached skill level 7 in Unarmed Combat
  3813 | D:5      | Entered Level 5 of the Dungeon
  3821 | D:5      | Noticed Menkaure
  3856 | D:5      | Killed Menkaure
  3857 | D:5      | Reached XP level 9. HP: 36/84 MP: 5/12
  4017 | D:5      | Noticed Eustachio
  4028 | D:5      | Killed Eustachio
  4064 | D:5      | Noticed Duvessa
  4067 | D:5      | Noticed Dowan
  4074 | D:5      | Killed Duvessa
  4079 | D:5      | Killed Dowan
  5064 | D:6      | Found a snail-covered altar of Cheibriados.
  5296 | D:6      | Reached skill level 8 in Unarmed Combat
  5395 | D:6      | Learned a level 4 spell: Manifold Assault
  5399 | D:6      | Learned a level 3 spell: Lesser Beckoning
  5403 | D:6      | Learned a level 3 spell: Teleport Other
  5407 | D:6      | Learned a level 3 spell: Gell's Gravitas
  6185 | D:7      | Found a glowing golden altar of the Shining One.
  6213 | D:7      | HP: 4/82 [bullfrog zombie (2)]
  6213 | D:7      | Slain by a black bear

Illustrated notes

Levels and vault maps discovered:
D:1:      heliophobic_arrival_battle_scene, layout_basic, st_stairs_1,
          minmay_hexomino_c4
D:2:      layout_rooms, overflow_temple_1_default, supply_closet_lemuel,
          uniq_jessica
D:3:      layout_rooms, lightli_sewer_entry_pipes, skrybe_limestone_x,
          uniq_ijyb, uniq_terence, uniq_crazy_yiuf_cottage, uniq_grinder
D:4:      cheibrodos_thug_alley, layout_rooms, kennysheep_mini_moat,
          grunt_decor_arrowhead, uniq_edmund, uniq_purgy, uniq_pikel
D:5:      layout_rooms, kennysheep_diamond, lemuel_flame_loot_1, uniq_duvessa,
          uniq_eustachio, uniq_menkaure
D:6:      layout_rooms, kennysheep_slug_shrine, serial_co_window_serial,
          co_window_paths_a, co_window_of_opportunity_a, co_window_paths_b,
          co_window_paths_a, co_window_cross_1, co_window_paths_b,
          co_window_paths_a, co_window_paths_b, co_window_corner_a,
          co_window_2corner, co_window_2corner, co_window_unsneaky_path_b,
          co_window_2corner, co_window_broadway_c, co_window_corner_b,
          co_window_unsneaky_path_a, glass_columns_c, glass_columns_a
D:7:      layout_basic, nicolae_tso_carved_into_rock,
          nicolae_hepliaklqana_ecumenical_no_more,
          minmay_temple_entry_stoned_glass, serial_shops, nicolae_shop_stone,
          grunt_decor_fettered, minmay_misc_feat_pillars, grunt_decor_cap,
          minmay_mini_ossuary

Skill      XL: |  1  2  3  4  5  6  7  8  9 |
---------------+----------------------------+-----
Throwing       | 1 2 |  2.0
Fighting       | 2 3 4 |  4.9
Unarmed Combat | 3 4 6 7 8 |  8.3
Spellcasting   | 2 3 |  3.6
Invocations    | 1 2 3 4 |  4.4
Translocations | 3 4 |  4.7
Dodging        | |  1.9

Action                   |  1- 3 |  4- 6 |  7- 9 || total
-------------------------+-------+-------+-------++-------
Melee: Unarmed           |    93 |   258 |   351 ||   702
       Punch             |       |     3 |     5 ||     8
Throw: Stone             |     2 |       |       ||     2
       Boomerang         |     1 |       |       ||     1
 Cast: Blink             |       |       |     5 ||     5
Invok: Stomp             |       |     4 |     2 ||     6
       Line Pass         |       |     1 |     2 ||     3
Evoke: Wand              |       |       |     2 ||     2
 Stab: Sleeping          |     1 |     1 |       ||     2
       Paralysed         |       |     2 |    11 ||    13
       Confused          |       |     1 |       ||     1
Armor: Robe              |    46 |   111 |    68 ||   225
       Skin              |       |       |     1 ||     1
Dodge: Dodged            |    40 |   148 |   128 ||   316

Table legend: (Time is in decaauts)
 A = Elapsed time spent in this place.
 B = Non-inter-level travel time spent in this place.
 C = Inter-level travel time spent in this place.
 D = Time resting spent in this place.
 E = Time spent auto-exploring this place.
 F = Levels seen in this place.
 G = Mean time per level.
                   A        B        C        D        E       F      G
               +--------+--------+--------+--------+--------+-----+--------+
         Total |   6211 |   6038 |    173 |    393 |   3625 |   8 |  776.4 |
       Dungeon |   5977 |   5804 |    173 |    393 |   3519 |   7 |  853.9 |
         Sewer |    234 |    234 |      0 |      0 |    106 |   1 |  234.0 |
               +--------+--------+--------+--------+--------+-----+--------+

Top non-repeatable levels by time:
     D:3: 1200 daAuts
     D:5: 1082 daAuts
     D:6: 1053 daAuts
     D:1: 831 daAuts
     D:4: 821 daAuts
     D:2: 748 daAuts
     D:7: 238 daAuts
   Sewer: 234 daAuts
